TOP OF THE 1ST |
San Diego Padres batting - Pitching for Oakland Athletics : RHP Nick Kirk
|
Pitching: RHP Nick Kirk
|
|
Batting: RHB Dietmar Warmisch
|
0-0: Called Strike 0-1: Called Strike 0-2: Strikes out looking
|
Batting: SHB Phil Zacharia
|
0-0: Ball 1-0: Ball 2-0: Called Strike 2-1: Fly out, F8 (Line Drive, 8LM, EV 100.0 MPH)
|
Batting: RHB Sébastien Piat
|
0-0: Ball 1-0: SINGLE (Line Drive, 89M, EV 86.2 MPH)
|
Batting: SHB Jerry Luckwell
|
0-0: Called Strike 0-1: Ball 1-1: Ball 2-1: Foul Ball, location: 2F 2-2: Foul Ball, location: 2F 2-2: Strikes out swinging
|
Top of the 1st over - 0 runs, 1 hit, 0 errors, 1 left on base; San Diego 0 - Oakland 0 |
BOTTOM OF THE 1ST |
Oakland Athletics batting - Pitching for San Diego Padres : RHP Adam Thompson
|
Pitching: RHP Adam Thompson
|
|
Batting: SHB Quincy Bradford
|
0-0: Ball 1-0: Called Strike 1-1: Foul Ball, location: 2F 1-2: Strikes out swinging
|
Batting: LHB Joel Kunkler
|
0-0: Called Strike 0-1: Ball 1-1: Ball 2-1: Foul Ball, location: 2F 2-2: SOLO HOME RUN (Flyball, 9LD, EV 90.6 MPH), Distance : 338 ft
|
Batting: RHB Randy Shrewsbury
|
0-0: Called Strike 0-1: Ground out 4-3 (Groundball, 4, EV 104.4 MPH)
|
Batting: LHB Sakae Kasahara
|
0-0: Foul Ball, location: 2F 0-1: Ball 1-1: Called Strike 1-2: Fly out, F8 (Flyball, 78M, EV 86.2 MPH)
|
Bottom of the 1st over - 1 run, 1 hit, 0 errors, 0 left on base; San Diego 0 - Oakland 1 |
TOP OF THE 2ND |
San Diego Padres batting - Pitching for Oakland Athletics : RHP Nick Kirk
|
Batting: LHB Aaron LeBlanc
|
0-0: Swinging Strike 0-1: Ball 1-1: Ball 2-1: Foul Ball, location: 2F 2-2: Ground out 4-3 (Groundball, 4MS, EV 89.4 MPH)
|
Batting: RHB Manny Vergara
|
0-0: Ball 1-0: Called Strike 1-1: DOUBLE (Line Drive, 89D, EV 112.5 MPH)
|
Batting: LHB Ryan Flynn Jr.
|
0-0: Ball 1-0: Called Strike 1-1: Foul Ball, location: 2F 1-2: Strikes out swinging
|
Batting: RHB Chiel Palstermans
|
0-0: Ball 1-0: Ball 2-0: Foul Ball, location: 2F 2-1: Called Strike 2-2: Ball 3-2: Foul Ball, location: 2F 3-2: Fly out, F8 (Flyball, 8RXD, EV 95.6 MPH)
|
Top of the 2nd over - 0 runs, 1 hit, 0 errors, 1 left on base; San Diego 0 - Oakland 1 |
BOTTOM OF THE 2ND |
Oakland Athletics batting - Pitching for San Diego Padres : RHP Adam Thompson
|
Batting: RHB Muneo Kawachi
|
0-0: Ball 1-0: Ball 2-0: Ball 3-0: Base on Balls
|
Batting: SHB Moe Lester
|
0-0: Bunted foul 0-1: Sac Bunt to 25 - play at first, batter OUT! 5-3 Muneo Kawachi to second
|
Batting: RHB Edwin Madrid
|
0-0: Fly out, F7 (Flyball, 7D, EV 96.2 MPH) Runner from 2nd tags up, SAFE at 3rd, no throw by LF
|
Batting: LHB Al Hernandez
|
0-0: Called Strike 0-1: Foul Ball, location: 2F 0-2: Ball 1-2: Strikes out swinging
|
Bottom of the 2nd over - 0 runs, 0 hits, 0 errors, 1 left on base; San Diego 0 - Oakland 1 |
TOP OF THE 3RD |
San Diego Padres batting - Pitching for Oakland Athletics : RHP Nick Kirk
|
Batting: LHB Sammy Roddenberry
|
0-0: Called Strike 0-1: Foul Ball, location: 2F 0-2: Ball 1-2: Ball 2-2: Strikes out swinging
|
Batting: RHB Dietmar Warmisch
|
0-0: Foul Ball, location: 2F 0-1: SINGLE (Groundball, 56D, EV 99.4 MPH)
|
Batting: SHB Phil Zacharia
|
0-0: Ball 1-0: Foul Ball, location: 2F 1-1: Grounds into double play, 6-4-3 (Groundball, 6MD, EV 100.0 MPH)
|
Top of the 3rd over - 0 runs, 1 hit, 0 errors, 0 left on base; San Diego 0 - Oakland 1 |
BOTTOM OF THE 3RD |
Oakland Athletics batting - Pitching for San Diego Padres : RHP Adam Thompson
|
Batting: RHB Nick Gentzel
|
0-0: Called Strike 0-1: Foul Ball, location: 2F 0-2: Ball 1-2: Ball 2-2: Foul Ball, location: 2F 2-2: Ball 3-2: Foul Ball, location: 2F 3-2: SINGLE (Line Drive, 6M, EV 108.1 MPH)
|
Batting: SHB Quincy Bradford
|
0-0: Called Strike 0-1: Ball 1-1: Swinging Strike 1-2: SINGLE (Groundball, 34D, EV 95.6 MPH) (infield hit) Nick Gentzel to second
|
Batting: LHB Joel Kunkler
|
0-0: Ball 1-0: Ball 2-0: Ball 3-0: Base on Balls Nick Gentzel to third Quincy Bradford to second
|
Batting: RHB Randy Shrewsbury
|
0-0: Ball 1-0: Grounds into fielders choice 1-2 (Groundball, P, EV 63.1 MPH) Quincy Bradford to third Joel Kunkler to second
|
Batting: LHB Sakae Kasahara
|
0-0: Ball 1-0: Ball 2-0: Foul Ball, location: 2F 2-1: Called Strike 2-2: Ball 3-2: Grounds into double play, 4-6-3 (Groundball, 34D, EV 102.5 MPH)
|
Bottom of the 3rd over - 0 runs, 2 hits, 0 errors, 2 left on base; San Diego 0 - Oakland 1 |
TOP OF THE 4TH |
San Diego Padres batting - Pitching for Oakland Athletics : RHP Nick Kirk
|
Batting: RHB Sébastien Piat
|
0-0: Ball 1-0: Ball 2-0: Ball 3-0: Base on Balls
|
Batting: SHB Jerry Luckwell
|
0-0: Ball 1-0: Ball 2-0: Hit by Pitch Sébastien Piat to second
|
Batting: LHB Aaron LeBlanc
|
0-0: Ball 1-0: Ball 2-0: Called Strike 2-1: Ball 3-1: Base on Balls Sébastien Piat to third Jerry Luckwell to second
|
Batting: RHB Manny Vergara
|
0-0: Foul Ball, location: 2F 0-1: Ball 1-1: Swinging Strike 1-2: Foul Ball, location: 2F 1-2: Strikes out swinging
|
Batting: LHB Ryan Flynn Jr.
|
0-0: Ball 1-0: Foul Ball, location: 2F 1-1: Foul Ball, location: 2F 1-2: Ball 2-2: Foul Ball, location: 2F 2-2: Foul Ball, location: 2F 2-2: Ball 3-2: Strikes out swinging
|
Batting: RHB Chiel Palstermans
|
0-0: Called Strike 0-1: Ball 1-1: Ball 2-1: Foul Ball, location: 2F 2-2: Ball 3-2: Ground out 6-3 (Groundball, 6, EV 100.6 MPH)
|
Top of the 4th over - 0 runs, 0 hits, 0 errors, 3 left on base; San Diego 0 - Oakland 1 |
BOTTOM OF THE 4TH |
Oakland Athletics batting - Pitching for San Diego Padres : RHP Adam Thompson
|
Batting: RHB Muneo Kawachi
|
0-0: Ball 1-0: Foul Ball, location: 2F 1-1: Foul Ball, location: 2F 1-2: Strikes out swinging
|
Batting: SHB Moe Lester
|
0-0: Called Strike 0-1: Ball 1-1: Called Strike 1-2: Ball 2-2: Strikes out swinging
|
Batting: RHB Edwin Madrid
|
0-0: Ball 1-0: Swinging Strike 1-1: Ball 2-1: Ground out 6-3 (Groundball, 56D, EV 96.9 MPH)
|
Bottom of the 4th over - 0 runs, 0 hits, 0 errors, 0 left on base; San Diego 0 - Oakland 1 |
TOP OF THE 5TH |
San Diego Padres batting - Pitching for Oakland Athletics : RHP Nick Kirk
|
Batting: LHB Sammy Roddenberry
|
0-0: Called Strike 0-1: DOUBLE (Groundball, 3L, EV 105.0 MPH)
|
Batting: RHB Dietmar Warmisch
|
0-0: Ball 1-0: Ball 2-0: Ball 3-0: Called Strike 3-1: Base on Balls
|
Batting: SHB Phil Zacharia
|
0-0: Foul Ball, location: 2F 0-1: Called Strike 0-2: Ball 1-2: Ball 2-2: Foul Ball, location: 2F 2-2: Ball 3-2: Foul Ball, location: 2F 3-2: Base on Balls Sammy Roddenberry to third Dietmar Warmisch to second
|
Batting: RHB Sébastien Piat
|
0-0: Called Strike 0-1: Ball 1-1: Ball 2-1: Foul Ball, location: 2F 2-2: Foul Ball, location: 2F 2-2: Ball 3-2: Foul Ball, location: 2F 3-2: Fielders Choice at 2nd, 3-6 (Groundball, 34S, EV 79.4 MPH) Sammy Roddenberry scores Dietmar Warmisch to third
|
Pitching: LHP Katsumi Takaki
|
|
Batting: SHB Jerry Luckwell
|
0-0: Called Strike Sébastien Piat steals 2nd base 0-1: Called Strike 0-2: Ball 1-2: Ball 2-2: Foul Ball, location: 2F 2-2: Strikes out looking
|
Batting: LHB Aaron LeBlanc
|
0-0: Ball 1-0: Swinging Strike 1-1: Ball 2-1: Ball 3-1: Ground out 4-3 (Groundball, 4, EV 91.2 MPH)
|
Top of the 5th over - 1 run, 1 hit, 0 errors, 2 left on base; San Diego 1 - Oakland 1 |
BOTTOM OF THE 5TH |
Oakland Athletics batting - Pitching for San Diego Padres : RHP Adam Thompson
|
Batting: LHB Al Hernandez
|
0-0: Fly out, F8 (Flyball, 8LM, EV 88.8 MPH)
|
Batting: RHB Nick Gentzel
|
0-0: Foul Ball, location: 2F 0-1: Ball 1-1: Ball 2-1: Called Strike 2-2: Ball 3-2: Fly out, F2 (Popup, 25F, EV 93.1 MPH)
|
Batting: SHB Quincy Bradford
|
0-0: Ball 1-0: Foul Ball, location: 2F 1-1: Swinging Strike 1-2: Ball 2-2: Strikes out swinging
|
Bottom of the 5th over - 0 runs, 0 hits, 0 errors, 0 left on base; San Diego 1 - Oakland 1 |
TOP OF THE 6TH |
San Diego Padres batting - Pitching for Oakland Athletics : LHP Katsumi Takaki
|
Batting: RHB Manny Vergara
|
0-0: Called Strike 0-1: Ball 1-1: Ball 2-1: Foul Ball, location: 2F 2-2: Foul Ball, location: 2F 2-2: Fly out, F8 (Line Drive, 8RM, EV 92.5 MPH)
|
Batting: LHB Ryan Flynn Jr.
|
0-0: Ball 1-0: Foul Ball, location: 2F 1-1: Called Strike 1-2: Foul Ball, location: 2F 1-2: Strikes out swinging
|
Batting: RHB Chiel Palstermans
|
0-0: Called Strike 0-1: Ball 1-1: Ball 2-1: Fly out, F8 (Flyball, 8RD, EV 90.6 MPH)
|
Top of the 6th over - 0 runs, 0 hits, 0 errors, 0 left on base; San Diego 1 - Oakland 1 |
BOTTOM OF THE 6TH |
Oakland Athletics batting - Pitching for San Diego Padres : RHP Adam Thompson
|
Batting: LHB Joel Kunkler
|
0-0: Foul Ball, location: 2F 0-1: Called Strike 0-2: SINGLE (Line Drive, 7LM, EV 95.0 MPH)
|
Batting: RHB Randy Shrewsbury
|
0-0: Called Strike 0-1: Foul Ball, location: 2F 0-2: Ball 1-2: Fly out, F8 (Flyball, 8LXD, EV 92.5 MPH)
|
Batting: LHB Sakae Kasahara
|
0-0: Called Strike 0-1: Ball 1-1: Fielders Choice at 2nd, 4-6 (Groundball, 34, EV 83.8 MPH)
|
Batting: RHB Muneo Kawachi
|
0-0: Ball 1-0: Called Strike 1-1: Ball 2-1: Ball 3-1: Base on Balls Sakae Kasahara to second
|
Batting: SHB Moe Lester
|
0-0: Ball 1-0: Foul Ball, location: 2F 1-1: Called Strike 1-2: Ball 2-2: Strikes out swinging
|
Bottom of the 6th over - 0 runs, 1 hit, 0 errors, 2 left on base; San Diego 1 - Oakland 1 |
TOP OF THE 7TH |
San Diego Padres batting - Pitching for Oakland Athletics : LHP Katsumi Takaki
|
Pinch Hitting: SHB Quido van Erp
|
0-0: Swinging Strike 0-1: Ball 1-1: Ball 2-1: Swinging Strike 2-2: Strikes out swinging
|
Batting: RHB Dietmar Warmisch
|
0-0: Foul Ball, location: 2F 0-1: Foul Ball, location: 2F 0-2: Ball 1-2: Ball 2-2: Ball 3-2: SOLO HOME RUN (Line Drive, 7LD, EV 96.2 MPH), Distance : 363 ft
|
Batting: SHB Phil Zacharia
|
0-0: Ball 1-0: Called Strike 1-1: Foul Ball, location: 2F 1-2: Foul Ball, location: 2F 1-2: Ball 2-2: Foul Ball, location: 2F 2-2: Ball 3-2: Fly out, F9 (Flyball, 9, EV 86.9 MPH)
|
Batting: RHB Sébastien Piat
|
0-0: Ball 1-0: Swinging Strike 1-1: Called Strike 1-2: Ball 2-2: Fly out, F4 (Popup, 4MD, EV 73.1 MPH)
|
Top of the 7th over - 1 run, 1 hit, 0 errors, 0 left on base; San Diego 2 - Oakland 1 |
BOTTOM OF THE 7TH |
Oakland Athletics batting - Pitching for San Diego Padres : RHP Adam Thompson
|
Now in RF: Wally Cangro
|
|
Batting: RHB Edwin Madrid
|
0-0: Ball 1-0: Ball 2-0: Called Strike 2-1: Ball 3-1: Base on Balls
|
Pitching: RHP Raul Almonte
|
|
Batting: LHB Al Hernandez
|
0-0: Ball 1-0: Ball 2-0: Grounds into double play, 4-6-3 (Groundball, 4, EV 78.8 MPH)
|
Batting: RHB Nick Gentzel
|
0-0: Ball 1-0: Ball 2-0: Ball 3-0: Called Strike 3-1: Base on Balls
|
Batting: SHB Quincy Bradford
|
0-0: Called Strike 0-1: Ball 1-1: Ball 2-1: Ball 3-1: Foul Ball, location: 2F 3-2: Strikes out looking
|
Bottom of the 7th over - 0 runs, 0 hits, 0 errors, 1 left on base; San Diego 2 - Oakland 1 |
TOP OF THE 8TH |
San Diego Padres batting - Pitching for Oakland Athletics : LHP Katsumi Takaki
|
Pitching: RHP Kevin Endsley
|
|
Batting: SHB Jerry Luckwell
|
0-0: Called Strike 0-1: Ball 1-1: Fly out, F7 (Flyball, 7LM, EV 88.8 MPH)
|
Batting: LHB Aaron LeBlanc
|
0-0: Swinging Strike 0-1: Called Strike 0-2: Strikes out swinging
|
Batting: RHB Manny Vergara
|
0-0: Called Strike 0-1: Ball 1-1: Ball 2-1: Ball 3-1: Base on Balls
|
Batting: LHB Ryan Flynn Jr.
|
0-0: Ball 1-0: Ball 2-0: Foul Ball, location: 2F 2-1: Called Strike 2-2: Strikes out looking
|
Top of the 8th over - 0 runs, 0 hits, 0 errors, 1 left on base; San Diego 2 - Oakland 1 |
BOTTOM OF THE 8TH |
Oakland Athletics batting - Pitching for San Diego Padres : RHP Raul Almonte
|
Batting: LHB Joel Kunkler
|
0-0: Foul Ball, location: 2F 0-1: Ball 1-1: Ball 2-1: Foul Ball, location: 2F 2-2: Fly out, F9 (Flyball, 89S, EV 95.6 MPH)
|
Batting: RHB Randy Shrewsbury
|
0-0: Ball 1-0: Called Strike 1-1: Ball 2-1: Ball 3-1: Foul Ball, location: 2F 3-2: Base on Balls
|
Pitching: LHP Yuri Thra
|
|
Pinch Hitting: RHB Ryan Kinkead
|
0-0: Swinging Strike 0-1: Grounds into double play, 4-6-3 (Groundball, 4, EV 80.0 MPH)
|
Bottom of the 8th over - 0 runs, 0 hits, 0 errors, 0 left on base; San Diego 2 - Oakland 1 |
TOP OF THE 9TH |
San Diego Padres batting - Pitching for Oakland Athletics : RHP Kevin Endsley
|
Now at 1B: Ryan Kinkead
|
|
Batting: RHB Chiel Palstermans
|
0-0: Ball 1-0: Called Strike 1-1: Foul Ball, location: 2F 1-2: Ball 2-2: Ball 3-2: Ground out U3 (Groundball, 34, EV 102.5 MPH)
|
Batting: RHB Wally Cangro
|
0-0: Ball 1-0: Swinging Strike 1-1: Called Strike 1-2: Strikes out swinging
|
Batting: RHB Dietmar Warmisch
|
0-0: Ball 1-0: Called Strike 1-1: Foul Ball, location: 2F 1-2: Ball 2-2: Strikes out swinging
|
Top of the 9th over - 0 runs, 0 hits, 0 errors, 0 left on base; San Diego 2 - Oakland 1 |
BOTTOM OF THE 9TH |
Oakland Athletics batting - Pitching for San Diego Padres : LHP Yuri Thra
|
Pitching: RHP Arturo Diaz
|
|
Batting: RHB Muneo Kawachi
|
0-0: Called Strike 0-1: Ball 1-1: Ground out 6-3 (Groundball, 56S, EV 88.1 MPH)
|
Batting: SHB Moe Lester
|
0-0: SINGLE (Groundball, 6D, EV 109.4 MPH)
|
Batting: RHB Edwin Madrid
|
0-0: Ball 1-0: Called Strike 1-1: TRIPLE (Flyball, 78XD, EV 108.1 MPH) Moe Lester scores
|
Batting: LHB Al Hernandez
|
0-0: Called Strike 0-1: Ball 1-1: Ball Wild Pitch! Edwin Madrid scores
|
Bottom of the 9th over - 2 runs, 2 hits, 0 errors, 0 left on base; San Diego 2 - Oakland 3 |
|